 Dungeon Crawl Stone Soup version 0.31-a0-204-g7da18cac08 (webtiles) character file.

Game seed: 15883830207229814536

56 qw the Shooter (level 3, -4/20 HPs)
             Began as a Deep Elf Hunter on June 27, 2023.
             Slain by a worm (8 damage)
             ... on level 2 of the Dungeon.
             The game lasted 00:00:15 (502 turns).

qw the Shooter (Deep Elf Hunter)                     Turns: 502, Time: 00:00:16

Health: -4/20      AC:  3    Str: 10    XL:     3   Next: 69%
Magic:  5/5        EV: 12    Int: 13    God:
Gold:   56         SH:  0    Dex: 18    Spells: 2/2 levels left

rFire   . . .        Y - +0 shortbow
rCold   . . .        (shield currently unavailable)
rNeg    . . .        c - +0 leather armour
rPois   .            (no helmet)
rElec   .            (no cloak)
rCorr   .            (no gloves)
SInv    .            (no boots)
Will    .....        (no amulet)
Stlth   ++           (no ring)
HPRegen 0.23/turn    (no ring)
MPRegen 0.09/turn

%: no passive effects
@: no status effects
A: no striking features
a: no special abilities


You were on level 2 of the Dungeon.
You visited 1 branch of the dungeon, and saw 2 of its levels.

You collected 56 gold pieces.


   Skills:
 - Level 1.5 Fighting
 + Level 7.2 Ranged Weapons
 - Level 2.4 Dodging
 - Level 1.2 Stealth


You had 2 spell levels left.
You didn't know any spells.
Your spell library was empty.

Inventory:

Hand Weapons
 Y - a +0 shortbow (weapon)
Armour
 c - a +0 leather armour (worn)
Potions
 a - a potion of curing {unknown}
 d - a potion of ambrosia {unknown}
 f - a potion of might {unknown}
 g - a potion of lignification {unknown}
 h - a potion of haste {unknown}
 i - a potion of enlightenment {unknown}

Dungeon Overview and Level Annotations

Branches:
Dungeon (2/15)

Altars:
Gozag

Shops:
D:1 =


Message History

You kill Jessica!
Your Ranged Weapons skill increases to level 7!
You shoot an arrow. The arrow hits the kobold.
You kill the kobold!
You shoot an arrow. The arrow hits the worm!
The worm is heavily wounded.
The worm bites you but does no damage.
You shoot an arrow. The arrow barely misses the worm.
You shoot an arrow. The arrow hits the worm.
The worm is heavily wounded.
The worm barely misses you.
You shoot an arrow. The arrow barely misses the worm.
You shoot an arrow. The arrow hits the worm.
The worm is heavily wounded.
The worm barely misses you.
You shoot an arrow.
The arrow hits the worm but does no damage.
The worm is heavily wounded.
The worm closely misses you.
You shoot an arrow. The arrow hits the worm.
The worm is heavily wounded.
You shoot an arrow. The arrow hits the worm.
The worm is severely wounded.
The worm misses you.
You shoot an arrow.
The arrow hits the worm but does no damage.
The worm is severely wounded.
The worm bites you!
You shoot an arrow. The arrow hits the worm.
The worm is severely wounded.
You shoot an arrow.
The arrow hits the worm but does no damage.
The worm is severely wounded.
The worm closely misses you.
You shoot an arrow. The arrow hits the worm.
The worm is severely wounded.
You shoot an arrow. The arrow hits the worm.
The worm is almost dead.
The worm bites you!
You die...

#.. .#.# #.#
.#.# #.# ....#
.$. .....
######.#.._...
....#.#......
##..w)......
####...@# ...
........##.#
.##
..#.###....##.#
... #
##...>.... ...
#....##..# ...
###....#..##
#.###......#.#
#...#.%...##<#
#.......##.#


You could see a worm.

Vanquished Creatures
  Jessica (D:2)
  A dart slug (D:1)
  3 endoplasms (D:1)
  A giant cockroach (D:1)
  3 goblins (D:1)
  2 quokkas (D:1)
  3 ball pythons (D:1)
  4 bats (D:1)
  5 kobolds
  4 rats
27 creatures vanquished.

Notes
Turn   | Place    | Note
-------+----------+-------------------------------------------
     0 | D:1      | qw the Deep Elf Hunter began the quest for the Orb.
     0 | D:1      | Reached XP level 1. HP: 12/12 MP: 3/3
     0 | D:1      | 0 ||| qw: Version: 0.3-a-22-g0ed2b0b
     0 | D:1      | 0 ||| qw: Game counter: 6609
     0 | D:1      | 0 ||| qw: Melee chars always use a shield: true
     0 | D:1      | 0 ||| qw: God list: Okawaru
     0 | D:1      | 0 ||| qw: Allow faded altars: false
     0 | D:1      | 0 ||| qw: Do Orc after clearing Dungeon:15 true
     0 | D:1      | 0 ||| qw: Do second Lair branch before Depths: true
     0 | D:1      | 0 ||| qw: Lair rune preference: random
     0 | D:1      | 0 ||| qw: Goals: Normal
     0 | D:1      | 0 ||| PLANNING D:1-11
    68 | D:1      | Reached XP level 2. HP: 16/16 MP: 4/4
    73 | D:1      | Reached skill level 6 in Ranged Weapons
   217 | D:1      | Found Nah Ofegi's Jewellery Boutique.
   225 | D:1      | 225 ||| SHOPLISTING +5 ring of evasion (396 gold, have 34).
   225 | D:1      | 225 ||| SHOPLISTING +6 ring of dexterity (396 gold, have
                  | 34).
   225 | D:1      | 225 ||| SHOPLISTING ring of fire (275 gold, have 34).
   225 | D:1      | 225 ||| SHOPLISTING ring of poison resistance (220 gold,
                  | have 34).
   225 | D:1      | 225 ||| SHOPLISTING ring of see invisible (165 gold, have
                  | 34).
   225 | D:1      | 225 ||| SHOPLISTING ring of willpower (275 gold, have 34).
   428 | D:1      | 428 ||| READING scroll labelled UPHANE EGGAONNULOS.
   429 | D:1      | 429 ||| READING scroll labelled JEUBLE UMAMICOEZO.
   430 | D:1      | 430 ||| DROPPING scroll of butterflies.
   465 | D:2      | Reached XP level 3. HP: 20/20 MP: 5/5
   481 | D:2      | Found an opulent altar of Gozag.
   481 | D:2      | Noticed Jessica
   488 | D:2      | Killed Jessica
   489 | D:2      | Reached skill level 7 in Ranged Weapons
   498 | D:2      | HP: 3/20 [worm (7)]
   502 | D:2      | Slain by a worm

Levels and vault maps discovered:
D:1:      dpeg_arrival_orchard, layout_rooms, serial_shops,
          nicolae_shop_peninsula
D:2:      layout_rooms, basic_altar, amcnicky_mini_pool_small, uniq_terence,
          uniq_robin, uniq_jessica

Skill      XL: |  1  2  3 |
---------------+----------+-----
Ranged Weapons | 6 7 |  7.2
Fighting       | |  1.5
Dodging        | |  2.4
Stealth        | |  1.2

Action                     || total
---------------------------++-------
   Fire: Shortbow          ||    60
    Use: Scroll            ||     2
 Armour: Leather armour    ||     3
  Dodge: Dodged            ||    15

Table legend:
 A = Non-vault XP
 B = Vault XP
 C = Vault XP percentage of total XP
 D = Non-vault monster count
 E = Vault monster count
 F = Vault count percentage of total count
                 A         B        C        D         E       F
            +---------+---------+-------+---------+---------+-------
      Total |      43 |      37 |  46.2 |      26 |       1 |   3.7
            +---------+---------+-------+---------+---------+-------
        D:1 |      40 |       0 |   0.0 |      24 |       0 |   0.0
        D:2 |       3 |      37 |  92.5 |       2 |       1 |  33.3
            +---------+---------+-------+---------+---------+-------
